 Dungeon Crawl Stone Soup version 0.29.1-1-gd02db6906a (webtiles) character file.

Game seed: 2403628231477158573

95 Peloso the Covered (level 4, -3/40 HPs)
             Began as a Minotaur Fighter on Sept 16, 2022.
             Slain by a hobgoblin (5 damage)
             ... led by Robin
             ... on level 3 of the Dungeon.
             The game lasted 00:05:15 (1734 turns).

Peloso the Covered (Minotaur Fighter)               Turns: 1734, Time: 00:05:18

Health: -3/40      AC: 10    Str: 21    XL:     4   Next: 40%
Magic:  3/3        EV:  9    Int:  5    God:
Gold:   92         SH:  4    Dex: 11    Spells: 3/3 levels left

rFire   + . .      SeeInvis .   a - +0 long sword
rCold   . . .      Faith    .   c - +0 buckler
rNeg    . . .      Spirit   .   b - +0 scale mail
rPois   .          Reflect  .   (helmet restricted)
rElec   .          Harm     .   (no cloak)
rCorr   .          Rampage  .   f - +0 pair of gloves
Will    .....                   (no boots)
Stlth   ..........              (no amulet)
HPRegen 0.13/turn               (no ring)
MPRegen 0.08/turn               (no ring)

@: brilliant, weak-willed
A: horns 2, retaliatory headbutt, iridescent scales 1, fire resistance 1
a: no special abilities


You were on level 3 of the Dungeon.
You visited 1 branch of the dungeon, and saw 3 of its levels.

You collected 92 gold pieces.

Inventory:

Hand Weapons
 a - a +0 long sword (weapon)
Armour
 b - a +0 scale mail (worn)
 c - a +0 buckler (worn)
 f - a +0 pair of gloves (worn)
Jewellery
 e - an amulet of guardian spirit
Scrolls
 i - a scroll of enchant armour {unknown}
Potions
 d - 2 potions of might


   Skills:
 + Level 4.2 Fighting
 + Level 3.9 Long Blades
 + Level 4.6 Armour
 + Level 0.6 Dodging
 + Level 0.1 Stealth
 + Level 4.0 Shields


You had 3 spell levels left.
You didn't know any spells.
Your spell library was empty.

Dungeon Overview and Level Annotations

Branches:
Dungeon (3/15)

Altars:

Annotations:
D:3 Grinder, Robin


Innate Abilities, Weirdness & Mutations

You have a pair of horns on your head.
You reflexively headbutt those who attack you in melee.
You are partially covered in iridescent scales. (AC +2)
Your flesh is heat resistant. (rF+)


Message History

You block Robin's attack. The goblin hits you with a +0 dagger.
* * * LOW HITPOINT WARNING * * *
The goblin hits you but does no damage. The hobgoblin barely misses you.
The hobgoblin hits you but does no damage.
The hobgoblin no longer looks unusually strong.
Robin barely misses your butterfly. You block the goblin's attack.
It was a potion of brilliance.
You feel clever all of a sudden.
Robin hits your butterfly with a +0 trident!
Your butterfly dies!
Your butterfly disappears in a burst of colours!
The goblin closely misses you. The goblin completely misses you.
As you read the scroll labelled KELI EMIXKO, it crumbles to dust.
Magic quickly surges around you.
It was a scroll of vulnerability.
The goblin hits you with a +0 dagger.
* * * LOW HITPOINT WARNING * * *
Robin roars a battlecry!
The hobgoblin goes into a battle-frenzy!
The hobgoblin hits you but does no damage.
The goblin closely misses you. You block the hobgoblin's attack.
You closely miss the hobgoblin. Your headbutt misses the hobgoblin.
The hobgoblin is moderately wounded.
Robin misses your butterfly. The goblin hits you but does no damage.
The goblin closely misses you.
The hobgoblin hits you but does no damage.
The hobgoblin closely misses you.
Unknown command.
You hit the hobgoblin. Your headbutt misses the hobgoblin.
The hobgoblin is severely wounded.
The goblin hits you but does no damage. The hobgoblin barely misses you.
The goblin misses you. You furiously retaliate!
You headbutt the goblin!
You kill the goblin!
The hobgoblin completely misses you. You furiously retaliate!
You headbutt the hobgoblin.
Robin says, "My goblins will feast on your bones."
Robin throws the goblin at you! The goblin barely misses you.
You furiously retaliate!
You headbutt the goblin.
You kill the goblin!
You block the hobgoblin's attack. The hobgoblin hits you.
You die...

# ... .#.#...
...#...#
.......######
.##......#g@)##
.........)).g.##
........b.g....#
.#....#..b..b...#
......bb..b.....#
...##.bbb..b...##
...##.....#...##
.........######
.#....#.).#


You could see Robin (weak-willed, ally target) and 2 hobgoblins.

Vanquished Creatures
  Terence (D:2)
  A white imp (D:3)
  A worm (D:2)
  A dart slug (D:2)
  An orc (D:3)
  2 ball pythons
  4 bats
  4 endoplasms (D:1)
  5 hobgoblins
  6 jackals
  4 quokkas
  13 goblins
  5 kobolds
  3 rats
51 creatures vanquished.

Notes
Turn   | Place    | Note
-------+----------+-------------------------------------------
     0 | D:1      | Peloso the Minotaur Fighter began the quest for the Orb.
     0 | D:1      | Reached XP level 1. HP: 19/19 MP: 0/0
   250 | D:1      | Reached XP level 2. HP: 21/27 MP: 1/1
   479 | D:1      | Gained mutation: You have hidden genetic potential. [potion
                  | of mutation]
   770 | D:2      | Found a faded altar of an unknown god.
   779 | D:2      | Reached XP level 3. HP: 33/33 MP: 2/2
   847 | D:2      | Gained mutation: Your flesh is heat resistant. (rF+)
                  | [hidden potential]
   960 | D:2      | Noticed Terence
   979 | D:2      | Killed Terence
   988 | D:2      | Reached XP level 4. HP: 8/40 MP: 3/3
  1496 | D:2      | Gained mutation: You are partially covered in iridescent
                  | scales. (AC +2) [hidden potential]
  1496 | D:2      | Lost mutation: You have hidden genetic potential. [hidden
                  | potential expressed]
  1606 | D:3      | Noticed Grinder
  1702 | D:3      | Noticed Robin
  1732 | D:3      | HP: 2/40 [goblin/+0 dagger[Robin] (2)]
  1734 | D:3      | Slain by a hobgoblin

Illustrated notes

Levels and vault maps discovered:
D:1:      lightli_arrival_boilingwater, layout_rooms
D:2:      layout_rooms, hellmonk_ecumenical_altar_dog_temple, uniq_terence
D:3:      layout_rooms, mainiacjoe_overflow_alcove_4, skrybe_limestone_x,
          uniq_grinder, uniq_natasha, uniq_robin

Skill      XL: |  1  2  3 |
---------------+----------+-----
Armour         | 4 |  4.6
Fighting       | 4 |  4.2
Long Blades    | 3 |  3.9
Shields        | 4 |  4.0
Dodging        | |  0.6
Stealth        | |  0.1

Action                   |  1- 3 |  4- 6 || total
-------------------------+-------+-------++-------
Melee: Long sword        |    80 |    40 ||   120
       Headbutt          |    13 |     2 ||    15
  Use: Potion            |     5 |     1 ||     6
       Scroll            |     2 |     2 ||     4
 Stab: Invisible         |     1 |       ||     1
Armor: Scale mail        |    37 |    40 ||    77
Dodge: Dodged            |    48 |    37 ||    85
Block: Buckler           |    12 |    17 ||    29
